| TOP OF THE 1ST |
|
Great Lakes Loons batting - Pitching for Kane County Cougars : LHP Drew Huckeba
|
|
Pitching: LHP Drew Huckeba
|
|
|
Batting: RHB Pablo Lopez
|
0-0: Swinging Strike 0-1: Ball 1-1: Foul Ball, location: 2F 1-2: Ball 2-2: Foul Ball, location: 2F 2-2: Fly out, F7 (Flyball, 7S, EV 85.6 MPH)
|
|
Batting: LHB Ramon Vega
|
0-0: Ball 1-0: Called Strike 1-1: Ball 2-1: DOUBLE (Flyball, 8LXD, EV 106.9 MPH)
|
|
Batting: LHB Jim Jardine
|
0-0: Called Strike 0-1: Ground out 4-3 (Groundball, 34, EV 82.5 MPH) Ramon Vega to third
|
|
Batting: RHB Mike Kaczor
|
0-0: Ball 1-0: Fly out, F9 (Flyball, 89M, EV 87.5 MPH)
|
| Top of the 1st over - 0 runs, 1 hit, 0 errors, 1 left on base; Great Lakes 0 - Kane County 0 |
| BOTTOM OF THE 1ST |
|
Kane County Cougars batting - Pitching for Great Lakes Loons : RHP Oscar Andrade
|
|
Pitching: RHP Oscar Andrade
|
|
|
Batting: LHB J.P. Olson
|
0-0: Ball 1-0: Ball 2-0: Ball 3-0: SINGLE (Groundball, 4MD, EV 106.2 MPH)
|
|
Batting: RHB Daniel Rivera
|
0-0: Swinging Strike 0-1: Ball 1-1: Ball 2-1: Ball 3-1: Called Strike 3-2: Foul Ball, location: 2F 3-2: Ground out 6-3 (Groundball, 6, EV 81.9 MPH) J.P. Olson to second
|
|
Batting: RHB Chad Mendoza
|
0-0: Ball 1-0: Called Strike 1-1: Swinging Strike 1-2: Fly out, F7 (Flyball, 7LS, EV 87.5 MPH)
|
|
Batting: RHB Mike Smith
|
0-0: Ball 1-0: Ball 2-0: Ball 3-0: Called Strike 3-1: Base on Balls
|
|
Batting: RHB Cesar Rendon
|
0-0: Ball 1-0: Fly out, F9 (Line Drive, 9S, EV 91.2 MPH)
|
| Bottom of the 1st over - 0 runs, 1 hit, 0 errors, 2 left on base; Great Lakes 0 - Kane County 0 |
| TOP OF THE 2ND |
|
Great Lakes Loons batting - Pitching for Kane County Cougars : LHP Drew Huckeba
|
|
Batting: LHB Josh Moore
|
0-0: Called Strike 0-1: Ball 1-1: Called Strike 1-2: Strikes out swinging
|
|
Batting: RHB Juan Gallardo
|
0-0: Fly out, F8 (Line Drive, 8LM, EV 90.6 MPH)
|
|
Batting: SHB Josh Vaill
|
0-0: Ball 1-0: Fly out, F4 (Popup, 23, EV 86.2 MPH)
|
| Top of the 2nd over - 0 runs, 0 hits, 0 errors, 0 left on base; Great Lakes 0 - Kane County 0 |
| BOTTOM OF THE 2ND |
|
Kane County Cougars batting - Pitching for Great Lakes Loons : RHP Oscar Andrade
|
|
Batting: RHB Dustin Legault
|
0-0: Ball 1-0: Ball 2-0: Foul Ball, location: 2F 2-1: Foul Ball, location: 2F 2-2: Ball 3-2: Base on Balls
|
|
Batting: RHB Sergio Manzanero
|
0-0: Ball 1-0: Foul Ball, location: 2F 1-1: Ball 2-1: Called Strike 2-2: Ball 3-2: Strikes out swinging
|
|
Batting: RHB Curt Barrett
|
0-0: Ball 1-0: Ball 2-0: Ball 3-0: Called Strike 3-1: Called Strike 3-2: DOUBLE (Line Drive, 9LS, EV 95.0 MPH) Dustin Legault to third
|
|
Batting: LHB Jeff Trapp
|
0-0: Ball 1-0: Called Strike 1-1: Ball 2-1: Called Strike 2-2: Ground out 4-3 (Groundball, 34, EV 102.5 MPH) Dustin Legault scores Curt Barrett to third
|
|
Batting: LHB J.P. Olson
|
0-0: Called Strike 0-1: Ball 1-1: Ball 2-1: Ball 3-1: Foul Ball, location: 2F 3-2: Foul Ball, location: 2F 3-2: Ground out 5-3 (Groundball, 5S, EV 75.0 MPH)
|
| Bottom of the 2nd over - 1 run, 1 hit, 0 errors, 1 left on base; Great Lakes 0 - Kane County 1 |
| TOP OF THE 3RD |
|
Great Lakes Loons batting - Pitching for Kane County Cougars : LHP Drew Huckeba
|
|
Batting: SHB Danny Jensen
|
0-0: Ball 1-0: Foul Ball, location: 2F 1-1: Called Strike 1-2: SOLO HOME RUN (Flyball, 78XD, EV 98.1 MPH), Distance : 406 ft
|
|
Batting: RHB Ingidayehu Lagat
|
0-0: Called Strike 0-1: Ball 1-1: Fly out, F8 (Flyball, 78M, EV 88.1 MPH)
|
|
Batting: RHB Pablo Lopez
|
0-0: Called Strike 0-1: Foul Ball, location: 2F 0-2: DOUBLE (Groundball, 5L, EV 106.9 MPH)
|
|
Batting: LHB Ramon Vega
|
0-0: Called Strike 0-1: Swinging Strike 0-2: Foul Ball, location: 2F 0-2: Strikes out swinging
|
|
Batting: LHB Jim Jardine
|
0-0: Foul Ball, location: 2F 0-1: SINGLE (Groundball, 6MD, EV 104.4 MPH) Pablo Lopez to third Runner from 3rd tries for Home, throw by CF and OUT! 8-2
|
| Top of the 3rd over - 1 run, 3 hits, 0 errors, 1 left on base; Great Lakes 1 - Kane County 1 |
| BOTTOM OF THE 3RD |
|
Kane County Cougars batting - Pitching for Great Lakes Loons : RHP Oscar Andrade
|
|
Batting: RHB Daniel Rivera
|
0-0: Ball 1-0: Ball 2-0: Foul Ball, location: 2F 2-1: Foul Ball, location: 2F 2-2: Strikes out swinging
|
|
Batting: RHB Chad Mendoza
|
0-0: Fly out, F9 (Flyball, 9D, EV 78.1 MPH)
|
|
Batting: RHB Mike Smith
|
0-0: Ball 1-0: Ball 2-0: Foul Ball, location: 2F 2-1: Foul Ball, location: 2F 2-2: Ball 3-2: Base on Balls
|
|
Batting: RHB Cesar Rendon
|
0-0: Called Strike 0-1: Ball 1-1: Swinging Strike 1-2: Fly out, F5 (Popup, 6S, EV 76.2 MPH)
|
| Bottom of the 3rd over - 0 runs, 0 hits, 0 errors, 1 left on base; Great Lakes 1 - Kane County 1 |
| TOP OF THE 4TH |
|
Great Lakes Loons batting - Pitching for Kane County Cougars : LHP Drew Huckeba
|
|
Batting: RHB Mike Kaczor
|
0-0: Ground out 4-3 (Groundball, 4, EV 79.4 MPH)
|
|
Batting: LHB Josh Moore
|
0-0: Called Strike 0-1: Ball 1-1: Foul Ball, location: 2F 1-2: Strikes out swinging
|
|
Batting: RHB Juan Gallardo
|
0-0: Ball 1-0: Ball 2-0: Foul Ball, location: 2F 2-1: Swinging Strike 2-2: Foul Ball, location: 2F 2-2: Ball 3-2: Strikes out swinging
|
| Top of the 4th over - 0 runs, 0 hits, 0 errors, 0 left on base; Great Lakes 1 - Kane County 1 |
| BOTTOM OF THE 4TH |
|
Kane County Cougars batting - Pitching for Great Lakes Loons : RHP Oscar Andrade
|
|
Batting: RHB Dustin Legault
|
0-0: Called Strike 0-1: DOUBLE (Flyball, 8LXD, EV 102.5 MPH)
|
|
Batting: RHB Sergio Manzanero
|
0-0: Called Strike 0-1: Foul Ball, location: 2F 0-2: Ball 1-2: Foul Ball, location: 2F 1-2: Ball 2-2: Foul Ball, location: 2F 2-2: Strikes out swinging
|
|
Pitching: LHP Avon Barksdale
|
|
|
Batting: RHB Curt Barrett
|
0-0: Called Strike 0-1: Foul Ball, location: 2F 0-2: Strikes out swinging
|
|
Batting: LHB Jeff Trapp
|
0-0: Ball 1-0: Ground out U3 (Groundball, 34, EV 88.1 MPH)
|
| Bottom of the 4th over - 0 runs, 1 hit, 0 errors, 1 left on base; Great Lakes 1 - Kane County 1 |
| TOP OF THE 5TH |
|
Great Lakes Loons batting - Pitching for Kane County Cougars : LHP Drew Huckeba
|
|
Batting: SHB Josh Vaill
|
0-0: Called Strike 0-1: Swinging Strike 0-2: Ground out 5-3 (Groundball, 56S, EV 86.9 MPH)
|
|
Batting: SHB Danny Jensen
|
0-0: Ball 1-0: Ball 2-0: Fly out, F4 (Flyball, 4D, EV 88.8 MPH)
|
|
Batting: RHB Ingidayehu Lagat
|
0-0: Ground out 4-3 (Groundball, 4, EV 89.4 MPH)
|
| Top of the 5th over - 0 runs, 0 hits, 0 errors, 0 left on base; Great Lakes 1 - Kane County 1 |
| BOTTOM OF THE 5TH |
|
Kane County Cougars batting - Pitching for Great Lakes Loons : LHP Avon Barksdale
|
|
Batting: LHB J.P. Olson
|
0-0: DOUBLE (Line Drive, 3D, EV 97.5 MPH)
|
|
Batting: RHB Daniel Rivera
|
0-0: Called Strike J.P. Olson steals 3rd base 0-1: Ball 1-1: Ball 2-1: Ball 3-1: Called Strike 3-2: Base on Balls
|
|
Batting: RHB Chad Mendoza
|
0-0: Foul Ball, location: 2F 0-1: Called Strike 0-2: Foul Ball, location: 2F 0-2: Strikes out swinging
|
|
Batting: RHB Mike Smith
|
0-0: Called Strike 0-1: Swinging Strike 0-2: Foul Ball, location: 2F 0-2: Ball 1-2: Foul Ball, location: 2F 1-2: Foul Ball, location: 2F 1-2: Ball Passed Ball! J.P. Olson scores Daniel Rivera to second 2-2: Fly out, F4 (Popup, 4S, EV 62.5 MPH)
|
|
Batting: RHB Cesar Rendon
|
0-0: SINGLE (Groundball, 56, EV 101.2 MPH) Daniel Rivera to third Runner from 3rd tries for Home, SAFE, throw by LF to home
|
|
Batting: RHB Dustin Legault
|
0-0: Swinging Strike 0-1: Swinging Strike 0-2: Ball 1-2: Strikes out swinging
|
| Bottom of the 5th over - 2 runs, 2 hits, 0 errors, 1 left on base; Great Lakes 1 - Kane County 3 |
| TOP OF THE 6TH |
|
Great Lakes Loons batting - Pitching for Kane County Cougars : LHP Drew Huckeba
|
|
Batting: RHB Pablo Lopez
|
0-0: Called Strike 0-1: Ground out U3 (Groundball, 13, EV 88.8 MPH)
|
|
Batting: LHB Ramon Vega
|
0-0: Swinging Strike 0-1: Ball 1-1: Ball 2-1: SINGLE (Groundball, P, EV 89.4 MPH) (infield hit)
|
|
Batting: LHB Jim Jardine
|
0-0: Ball 1-0: Ball 2-0: Called Strike 2-1: Foul Ball, location: 2F 2-2: Foul Ball, location: 2F 2-2: Ball 3-2: Strikes out swinging
|
|
Batting: RHB Mike Kaczor
|
0-0: Called Strike Ramon Vega is caught stealing 2nd base 2-4
|
| Top of the 6th over - 0 runs, 1 hit, 0 errors, 0 left on base; Great Lakes 1 - Kane County 3 |
| BOTTOM OF THE 6TH |
|
Kane County Cougars batting - Pitching for Great Lakes Loons : LHP Avon Barksdale
|
|
Batting: RHB Sergio Manzanero
|
0-0: Ball 1-0: Ball 2-0: Foul Ball, location: 2F 2-1: SINGLE (Line Drive, 8LS, EV 96.9 MPH)
|
|
Batting: RHB Curt Barrett
|
0-0: Called Strike 0-1: Ball 1-1: Foul Ball, location: 2F 1-2: Ball 2-2: DOUBLE (Groundball, 5L, EV 102.5 MPH) Sergio Manzanero to third
|
|
Batting: LHB Jeff Trapp
|
0-0: Ball 1-0: Called Strike 1-1: Ball 2-1: Foul Ball, location: 2F 2-2: Ball 3-2: Foul Ball, location: 2F 3-2: Base on Balls
|
|
Batting: LHB J.P. Olson
|
0-0: Ball 1-0: Ball 2-0: Called Strike 2-1: Ball 3-1: Base on Balls Sergio Manzanero scores Curt Barrett to third Jeff Trapp to second
|
|
Pitching: RHP Adonis Loyd
|
|
|
Batting: RHB Daniel Rivera
|
0-0: Ball 1-0: Called Strike 1-1: Ball 2-1: Fly out, F8 (Flyball, 89M, EV 82.5 MPH)
|
|
Batting: RHB Chad Mendoza
|
0-0: Ball 1-0: Called Strike 1-1: Ball 2-1: Called Strike 2-2: Foul Ball, location: 2F 2-2: Foul Ball, location: 2F 2-2: Foul Ball, location: 2F 2-2: Ball 3-2: Strikes out looking
|
|
Batting: RHB Mike Smith
|
0-0: Fly out, F8 (Flyball, 8RD, EV 76.2 MPH)
|
| Bottom of the 6th over - 1 run, 2 hits, 0 errors, 3 left on base; Great Lakes 1 - Kane County 4 |
| TOP OF THE 7TH |
|
Great Lakes Loons batting - Pitching for Kane County Cougars : LHP Drew Huckeba
|
|
Batting: RHB Mike Kaczor
|
0-0: Ball 1-0: Foul Ball, location: 2F 1-1: Ball 2-1: Foul Ball, location: 2F 2-2: Foul Ball, location: 2F 2-2: Strikes out swinging wild pitch, reaches first!
|
|
Pitching: RHP Jaylen Hatten
|
|
|
Batting: LHB Josh Moore
|
0-0: Foul Ball, location: 2F 0-1: Fielders Choice at 2nd, 1-6 (Groundball, 13S, EV 67.5 MPH)
|
|
Batting: RHB Juan Gallardo
|
0-0: Ground out 6-3 (Groundball, 6, EV 86.2 MPH) Josh Moore to second
|
|
Batting: SHB Josh Vaill
|
0-0: Ball 1-0: Called Strike 1-1: Ball 2-1: Ground out U3 (Groundball, 3, EV 105.0 MPH)
|
| Top of the 7th over - 0 runs, 0 hits, 0 errors, 1 left on base; Great Lakes 1 - Kane County 4 |
| BOTTOM OF THE 7TH |
|
Kane County Cougars batting - Pitching for Great Lakes Loons : RHP Adonis Loyd
|
|
Pitching: RHP Chris Close
|
|
|
Batting: RHB Cesar Rendon
|
0-0: Swinging Strike 0-1: Ball 1-1: Swinging Strike 1-2: Strikes out looking
|
|
Batting: RHB Dustin Legault
|
0-0: Called Strike 0-1: Ground out 5-3 (Groundball, 56S, EV 72.5 MPH)
|
|
Batting: RHB Sergio Manzanero
|
0-0: Foul Ball, location: 2F 0-1: Swinging Strike 0-2: Strikes out swinging
|
| Bottom of the 7th over - 0 runs, 0 hits, 0 errors, 0 left on base; Great Lakes 1 - Kane County 4 |
| TOP OF THE 8TH |
|
Great Lakes Loons batting - Pitching for Kane County Cougars : RHP Jaylen Hatten
|
|
Batting: SHB Danny Jensen
|
0-0: SOLO HOME RUN (Flyball, 78XD, EV 108.1 MPH), Distance : 398 ft
|
|
Batting: RHB Ingidayehu Lagat
|
0-0: Ball 1-0: DOUBLE (Flyball, 78XD, EV 100.0 MPH)
|
|
Batting: RHB Pablo Lopez
|
0-0: DOUBLE (Line Drive, 7LS, EV 101.9 MPH) Ingidayehu Lagat scores
|
|
Batting: LHB Ramon Vega
|
0-0: Ball 1-0: Fly out, F8 (Flyball, 8LXD, EV 97.5 MPH) Runner from 2nd tags up, SAFE at 3rd, no throw by CF
|
|
Batting: LHB Jim Jardine
|
0-0: Ball 1-0: SINGLE (Groundball, 4M, EV 94.4 MPH) Pablo Lopez scores
|
|
Batting: RHB Mike Kaczor
|
0-0: Called Strike 0-1: Called Strike 0-2: Fly out, F9 (Flyball, 89XD, EV 96.9 MPH)
|
|
Batting: LHB Josh Moore
|
0-0: Swinging Strike 0-1: Ground out 4-3 (Groundball, 4, EV 81.9 MPH)
|
| Top of the 8th over - 3 runs, 4 hits, 0 errors, 1 left on base; Great Lakes 4 - Kane County 4 |
| BOTTOM OF THE 8TH |
|
Kane County Cougars batting - Pitching for Great Lakes Loons : RHP Chris Close
|
|
Batting: RHB Curt Barrett
|
0-0: Swinging Strike 0-1: Called Strike 0-2: Ball 1-2: Ball 2-2: Foul Ball, location: 2F 2-2: Strikes out looking
|
|
Batting: LHB Jeff Trapp
|
0-0: Ball 1-0: Foul Ball, location: 2F 1-1: Ball 2-1: Called Strike 2-2: Foul Ball, location: 2F 2-2: Ball 3-2: Strikes out swinging
|
|
Batting: LHB J.P. Olson
|
0-0: Ball 1-0: Foul Ball, location: 2F 1-1: Ball 2-1: Ground out U3 (Groundball, 34, EV 98.8 MPH)
|
| Bottom of the 8th over - 0 runs, 0 hits, 0 errors, 0 left on base; Great Lakes 4 - Kane County 4 |
| TOP OF THE 9TH |
|
Great Lakes Loons batting - Pitching for Kane County Cougars : RHP Jaylen Hatten
|
|
Pitching: RHP Moises Baez
|
|
|
Batting: RHB Juan Gallardo
|
0-0: Called Strike 0-1: Ball 1-1: Reached on error, E1 (Groundball, 15S, EV 75.0 MPH)
|
|
Batting: SHB Josh Vaill
|
0-0: Called Strike 0-1: Ball 1-1: Fly out, F9 (Flyball, 9D, EV 92.5 MPH)
|
|
Batting: SHB Danny Jensen
|
0-0: Intentional Walk
|
|
Batting: RHB Ingidayehu Lagat
|
0-0: Foul Ball, location: 2F 0-1: Called Strike 0-2: Ball 1-2: Strikes out swinging
|
|
Batting: RHB Pablo Lopez
|
0-0: Ball Passed Ball! Juan Gallardo to third Danny Jensen to second 1-0: Intentional Walk
|
|
Batting: LHB Ramon Vega
|
0-0: Ball 1-0: Called Strike 1-1: Fielders Choice at 2nd, U6 (Groundball, 6M, EV 89.4 MPH)
|
| Top of the 9th over - 0 runs, 0 hits, 1 error, 3 left on base; Great Lakes 4 - Kane County 4 |
| BOTTOM OF THE 9TH |
|
Kane County Cougars batting - Pitching for Great Lakes Loons : RHP Chris Close
|
|
Pitching: RHP Edwin Vega
|
|
|
Batting: RHB Daniel Rivera
|
0-0: Ball 1-0: Ground out 5-3 (Groundball, 56, EV 81.2 MPH)
|
|
Batting: RHB Chad Mendoza
|
0-0: Called Strike 0-1: Foul Ball, location: 2F 0-2: Ground out 4-3 (Groundball, 4, EV 91.2 MPH)
|
|
Batting: RHB Mike Smith
|
0-0: Called Strike 0-1: Called Strike 0-2: Ball 1-2: Ground out 1-3 (Groundball, P, EV 71.9 MPH)
|
| Bottom of the 9th over - 0 runs, 0 hits, 0 errors, 0 left on base; Great Lakes 4 - Kane County 4 |
| TOP OF THE 10TH |
|
Great Lakes Loons batting - Pitching for Kane County Cougars : RHP Moises Baez
|
|
Batting: LHB Jim Jardine
|
0-0: Ball 1-0: Ground out U3 (Groundball, 3, EV 104.4 MPH)
|
|
Batting: RHB Mike Kaczor
|
0-0: Called Strike 0-1: Ground out 5-3 (Groundball, 56D, EV 85.0 MPH)
|
|
Batting: LHB Josh Moore
|
0-0: Ball 1-0: Ball 2-0: Called Strike 2-1: Ground out 4-3 (Groundball, 4, EV 88.8 MPH)
|
| Top of the 10th over - 0 runs, 0 hits, 0 errors, 0 left on base; Great Lakes 4 - Kane County 4 |
| BOTTOM OF THE 10TH |
|
Kane County Cougars batting - Pitching for Great Lakes Loons : RHP Edwin Vega
|
|
Batting: RHB Cesar Rendon
|
0-0: Ball 1-0: SINGLE (Groundball, 56D, EV 99.4 MPH)
|
|
Batting: RHB Dustin Legault
|
0-0: Ball 1-0: Swinging Strike 1-1: Ball 2-1: Foul Ball, location: 2F 2-2: SINGLE (Groundball, 34D, EV 98.1 MPH) Cesar Rendon to second
|
|
Batting: RHB Sergio Manzanero
|
0-0: Swinging Strike 0-1: Ball 1-1: Swinging Strike 1-2: Ball 2-2: Foul Ball, location: 2F 2-2: Strikes out looking
|
|
Pinch Hitting: SHB Blaine Peters
|
0-0: Ball 1-0: Called Strike 1-1: Swinging Strike 1-2: SINGLE (Groundball, 6MD, EV 100.6 MPH) Cesar Rendon to third Dustin Legault to second
|
|
Pitching: RHP Luis Diaz
|
|
|
Batting: LHB Jeff Trapp
|
0-0: Swinging Strike 0-1: Ball 1-1: Called Strike 1-2: Ball 2-2: Strikes out swinging
|
|
Batting: LHB J.P. Olson
|
0-0: Foul Ball, location: 2F 0-1: Ball 1-1: Ball 2-1: Ball 3-1: Foul Ball, location: 2F 3-2: Ground out 4-3 (Groundball, 4, EV 93.1 MPH)
|
| Bottom of the 10th over - 0 runs, 3 hits, 0 errors, 3 left on base; Great Lakes 4 - Kane County 4 |
| TOP OF THE 11TH |
|
Great Lakes Loons batting - Pitching for Kane County Cougars : RHP Moises Baez
|
|
Now at C: John Ricketts
|
|
|
Batting: RHB Juan Gallardo
|
0-0: Foul Ball, location: 2F 0-1: SINGLE (Groundball, 34D, EV 105.0 MPH)
|
|
Batting: SHB Josh Vaill
|
0-0: Fly out, F8 (Flyball, 78M, EV 86.9 MPH)
|
|
Batting: SHB Danny Jensen
|
0-0: Called Strike 0-1: Ball 1-1: Called Strike 1-2: Ball 2-2: Strikes out looking
|
|
Batting: RHB Ingidayehu Lagat
|
0-0: Ball Juan Gallardo is caught stealing 2nd base 2-4
|
| Top of the 11th over - 0 runs, 1 hit, 0 errors, 0 left on base; Great Lakes 4 - Kane County 4 |
| BOTTOM OF THE 11TH |
|
Kane County Cougars batting - Pitching for Great Lakes Loons : RHP Luis Diaz
|
|
Batting: RHB Daniel Rivera
|
0-0: Called Strike 0-1: Ball 1-1: Swinging Strike 1-2: Ground out 6-3 (Groundball, 6, EV 84.4 MPH)
|
|
Batting: RHB Chad Mendoza
|
0-0: Swinging Strike 0-1: Ball 1-1: DOUBLE (Flyball, 8LXD, EV 111.9 MPH)
|
|
Batting: RHB Mike Smith
|
0-0: Intentional Walk
|
|
Batting: RHB Cesar Rendon
|
0-0: Ball 1-0: Ball 2-0: Grounds into double play, 3-6-3 (Groundball, 34S, EV 80.0 MPH)
|
| Bottom of the 11th over - 0 runs, 1 hit, 0 errors, 1 left on base; Great Lakes 4 - Kane County 4 |
| TOP OF THE 12TH |
|
Great Lakes Loons batting - Pitching for Kane County Cougars : RHP Moises Baez
|
|
Batting: RHB Ingidayehu Lagat
|
0-0: Called Strike 0-1: SINGLE (Groundball, 6MD, EV 103.1 MPH)
|
|
Batting: RHB Pablo Lopez
|
0-0: Ball 1-0: Bunted foul 1-1: Sac Bunt to 2R - play at first, batter safe! Ingidayehu Lagat to second
|
|
Batting: LHB Ramon Vega
|
0-0: Bunted foul 0-1: Bunted foul 0-2: Ball 1-2: Ball 2-2: Foul Ball, location: 2F 2-2: Ball 3-2: Base on Balls Ingidayehu Lagat to third Pablo Lopez to second
|
|
Pitching: LHP Matt Bagnall
|
|
|
Pinch Hitting: RHB Eddie Perry
|
0-0: Ball 1-0: Ball 2-0: DOUBLE (Flyball, 78XD, EV 108.8 MPH) Ingidayehu Lagat scores Pablo Lopez scores Ramon Vega to third
|
|
Batting: RHB Mike Kaczor
|
0-0: Ground out 1-3 (Groundball, P, EV 67.5 MPH)
|
|
Batting: LHB Josh Moore
|
0-0: Swinging Strike 0-1: Called Strike 0-2: Strikes out swinging
|
|
Batting: RHB Juan Gallardo
|
0-0: Ball 1-0: Ball 2-0: Ball 3-0: Ground out 1-3 (Groundball, 34S, EV 63.8 MPH)
|
| Top of the 12th over - 2 runs, 3 hits, 0 errors, 2 left on base; Great Lakes 6 - Kane County 4 |
| BOTTOM OF THE 12TH |
|
Kane County Cougars batting - Pitching for Great Lakes Loons : RHP Luis Diaz
|
|
Now at 1B: Alex Melgoza
|
|
|
Now in LF: Aaron Joseph
|
|
|
Now in CF: Hank Arias
|
|
|
Now in RF: Ramon Vega
|
|
|
Batting: RHB Dustin Legault
|
0-0: Swinging Strike 0-1: Ground out 6-3 (Groundball, 6, EV 83.1 MPH)
|
|
Batting: RHB Sergio Manzanero
|
0-0: Ball 1-0: SINGLE (Groundball, 4MD, EV 101.2 MPH)
|
|
Batting: RHB John Ricketts
|
0-0: Ball 1-0: Ball 2-0: Ball Wild Pitch! Sergio Manzanero to second 3-0: Called Strike 3-1: Base on Balls
|
|
Batting: LHB Jeff Trapp
|
0-0: Foul Ball, location: 2F 0-1: Ball 1-1: Foul Ball, location: 2F 1-2: Foul Ball, location: 2F 1-2: Strikes out swinging
|
|
Batting: LHB J.P. Olson
|
0-0: Called Strike 0-1: SINGLE (Groundball, 34D, EV 106.2 MPH) Sergio Manzanero to third John Ricketts to second
|
|
Pitching: RHP Steve Pierson
|
|
|
Batting: RHB Daniel Rivera
|
0-0: Swinging Strike 0-1: Foul Ball, location: 2F 0-2: Ground out 2-3 (Groundball, 15S, EV 68.1 MPH)
|
| Bottom of the 12th over - 0 runs, 2 hits, 0 errors, 3 left on base; Great Lakes 6 - Kane County 4 |
|